 Dungeon Crawl Stone Soup version 0.29-a0-378-gc08b2e8bf8 (webtiles) character file.

Game seed: 7185779701001017899

35 diecastcamel the Skirmisher (level 3, -14/29 HPs)
             Began as a Human Fighter on May 4, 2022.
             Demolished by a sun demon (15 damage)
             ... on level 1 of the Abyss.
             The game lasted 00:06:57 (1184 turns).

diecastcamel the Skirmisher (Human Fighter)         Turns: 1184, Time: 00:06:58

Health: -14/29     AC:  9    Str: 16    XL:     3   Next: 52%
Magic:  3/3        EV:  6    Int:  8    God:
Gold:   35         SH:  5    Dex: 14    Spells: 2/2 levels left

rFire   . . .      SeeInvis .   a - +0 long sword
rCold   . . .      Faith    .   c - +0 buckler
rNeg    . . .      Spirit   .   k - +0 chain mail
rPois   .          Reflect  .   (no helmet)
rElec   .          Harm     .   (no cloak)
rCorr   .          Rampage  .   (no gloves)
Will    +....                   (no boots)
Stlth   ..........              (no amulet)
HPRegen 0.09/turn               g - ring of willpower
MPRegen 0.08/turn               (no ring)

@: no status effects
A: no striking features
a: no special abilities


You were on level 1 of the Abyss.
You visited 1 branch of the dungeon, and saw 2 of its levels.
You visited the Abyss 1 time.

You collected 35 gold pieces.

Inventory:

Hand Weapons
 a - a +0 long sword (weapon)
Armour
 c - a +0 buckler (worn)
 k - a +0 chain mail (worn)
Jewellery
 g - a ring of willpower (left hand)
Scrolls
 e - 5 scrolls of identify {unknown}
 j - a scroll of noise {unknown}
Potions
 d - a potion of might
 f - 2 potions of ambrosia {unknown}
 h - 2 potions of brilliance {unknown}
 i - a potion of cancellation {unknown}


   Skills:
 + Level 3.3 Fighting
 * Level 2.7 Long Blades
 + Level 3.3 Armour
 + Level 1.1 Dodging
 - Level 3.0 Shields


You had 2 spell levels left.
You didn't know any spells.
Your spell library was empty.

Dungeon Overview and Level Annotations

Branches:
Dungeon (2/15)

Altars:

Shops:
D:1 (**[=


Message History

2 stones; a +0 club
Things that are here:
2 stones; a +0 club
Things that are here:
2 stones; a +0 club
Things that are here:
2 stones; a +0 club
Things that are here:
2 stones; a +0 club
Things that are here:
2 stones; a +0 club You block the kobold's attack.
You hit the kobold but do no damage. The kobold hits you but does no damage.
Space warps horribly around you!
Ouch! That really hurt!
The kobold hits you but does no damage.
You hit the kobold but do no damage.
The kobold hits you with a +0 spear of distortion.
You are cast into the Abyss!
To return, you must find a gate leading back.
Killing monsters will force the Abyss to allow you passage.
This branch contains the abyssal rune of Zot.
A large abomination comes into view.
Found a corrupted altar of Lugonu.
A large abomination is nearby!
Found a gateway leading deeper into the Abyss.
A large abomination comes into view.
A large abomination is nearby!
You are suddenly pulled into a different region of the Abyss!
Found a gateway leading deeper into the Abyss.
A sun demon comes into view.
The sun demon shouts!
You hear a shout!
You hear a howl!
There is an abandoned shop here.
The sun demon barely misses you. The sun demon attacks as you move away!
The sun demon hits you!!
Ouch! That really hurt!
* * * LOW HITPOINT WARNING * * *
You are engulfed in flames!
Ouch! That really hurt!
You die...

##. .....#
####.###.#
#...## .#
##.#..# .
#..##...#..
#8.####.# ..
####.....# .. ..
#####.83∩.8..#
#.
#.....@......#
#.######8.......
...###.## ....#
... .#.## ..#
..... .. .#.# .#


You could see a sun demon.

Vanquished Creatures
  An adder (D:2)
  A dart slug (D:2)
  3 bats
  5 hobgoblins
  A quokka (D:1)
  2 ball pythons
  3 frilled lizards (D:1)
  2 goblins (D:1)
  4 kobolds (D:1)
  3 rats
25 creatures vanquished.

Notes
Turn   | Place    | Note
-------+----------+-------------------------------------------
     0 | D:1      | diecastcamel the Human Fighter began the quest for the Orb.
     0 | D:1      | Reached XP level 1. HP: 18/18 MP: 1/1
    77 | D:1      | Found Ysynavugg's Assorted Antiques.
   132 | D:1      | Found Ocuoti's Assorted Antiques.
   154 | D:1      | Reached XP level 2. HP: 20/24 MP: 2/2
   315 | D:1      | You fall into a shaft and drop 1 floor!
   396 | D:2      | Reached XP level 3. HP: 26/29 MP: 3/3
   458 | D:1      | Found Papa's Antique Armour Boutique.
   465 | D:2      | Reached skill level 1 in Dodging
   479 | D:1      | Found Fetriveh's Jewellery Emporium.
   947 | D:1      | Found Kigh's Antique Weapon Shoppe.
  1071 | D:1      | Cast into level 1 of the Abyss (kobold)
  1108 | Abyss:1  | Noticed a large abomination
  1109 | Abyss:1  | Found a corrupted altar of Lugonu.
  1119 | Abyss:1  | Noticed a large abomination
  1173 | Abyss:1  | Noticed a sun demon
  1184 | Abyss:1  | HP: 1/29 [sun demon (18)]
  1184 | Abyss:1  | Demolished by a sun demon

Illustrated notes

Levels and vault maps discovered:
D:1:      dpeg_arrival_long_road, layout_basic, serial_shops, shop, shop,
          nicolae_shop_stone, nicolae_shop_statue_plus, shop_fountains
D:2:      layout_basic, chequers_ecumenical_altar_simple_redux,
          chequers_serial_rivers_room_a
Abyss:1:  base:
D:1

Skill      XL: |  1  2  3 |
---------------+----------+-----
Dodging        | 1 |  1.1
Fighting       | |  3.3
Long Blades    | |  2.7
Armour         | |  3.3
Shields        | |  3.0

Action                   || total
-------------------------++-------
Melee: Long sword        ||    82
Armor: Scale mail        ||    35
       Chain mail        ||     4
Dodge: Dodged            ||    41
Block: Buckler           ||    20

Table legend: (Time is in decaauts)
 A = Elapsed time spent in this place.
 B = Non-inter-level travel time spent in this place.
 C = Inter-level travel time spent in this place.
 D = Time resting spent in this place.
 E = Time spent auto-exploring this place.
 F = Levels seen in this place.
 G = Mean time per level.
                   A        B        C        D        E       F      G
               +--------+--------+--------+--------+--------+-----+--------+
         Total |   1211 |   1204 |      7 |    200 |    540 |   3 |  403.7 |
       Dungeon |   1098 |   1091 |      7 |    200 |    502 |   2 |  549.0 |
         Abyss |    113 |    113 |      0 |      0 |     38 |   1 |  113.0 |
               +--------+--------+--------+--------+--------+-----+--------+

Top non-repeatable levels by time:
     D:1: 942 daAuts
     D:2: 156 daAuts
 Abyss:1: 113 daAuts
